 Dungeon Crawl Stone Soup version 0.30-a0-358-g0d69a1922f (webtiles) character file.

Game seed: 10298537673892725900

7 themarg the Covered (level 1, 0/30 HPs)
             Began as an Armataur Fighter on Nov 8, 2022.
             Succumbed to a kobold's poison
             ... on level 1 of the Dungeon.
             The game lasted 00:01:32 (118 turns).

themarg the Covered (Armataur Fighter)               Turns: 118, Time: 00:01:32

Health: 0/30       AC: 20    Str: 21    XL:     1   Next: 91%
Magic:  1/1        EV:  1    Int:  8    God:
Gold:   0          SH:  4    Dex:  9    Spells: 0/0 levels left

rFire   . . .      SeeInvis .    a - +0 flail
rCold   . . .      Faith    .    c - +0 buckler
rNeg    . . .      Spirit   .    (body armour currently unavailable)
rPois   +          Reflect  .    (helmet currently unavailable)
rElec   .          Harm     .    (cloak currently unavailable)
rCorr   .          Roll     +    (gloves currently unavailable)
Will    .....      NoTele   +    (no barding)
Stlth   +.........               (no amulet)
HPRegen 0.25/turn                (no ring)
MPRegen 0.07/turn                (no ring)

@: lethally poisoned (0 -> -30), tree-form
A: stationary, stasis, torment immunity, boosted hp, large, rugged brown scales
3, (deformed body), (armoured tail), roll, long tongue, awkward tongue
a: no special abilities


You were on level 1 of the Dungeon.
You were a tree.
You visited 1 branch of the dungeon, and saw 1 of its levels.

Inventory:

Hand Weapons
 a - a +0 flail (weapon)
Missiles
 e - 2 stones (quivered)
Armour
 b - a +0 scale mail (melded)
 c - a +0 buckler (worn)
 h - a +0 pair of gloves (melded)
Scrolls
 g - a scroll of fear {unknown}
Potions
 d - 2 potions of might


   Skills:
 + Level 3.0 Fighting
 - Level 1.7 Maces & Flails
 - Level 3.6 Armour
 + Level 1.2 Stealth
 - Level 3.2 Shields


You couldn't memorise any spells.
You didn't know any spells.
Your spell library contained the following spells:

 Spells                   Type           Power      Damage    Failure   Level
 Sting                    Tmut/Pois      0%         1d3       47%         1
 Poisonous Vapours        Pois/Air       0%         N/A       63%         2
 Olgreb's Toxic Radiance  Pois           0%         N/A       99%         4


Dungeon Overview and Level Annotations

Branches:
Dungeon (1/15)

Altars:


Innate Abilities, Weirdness & Mutations

You are a tree.
Your roots penetrate the ground, keeping you stationary.
You cannot be teleported.
You are immune to unholy pain and torment.
Your maximum health is greatly increased.
Your equipment is partially melded.
(You are completely covered in rugged brown scales. (AC +3, +7% HP))
((Armour fits poorly on your strangely shaped body.))
((You have a long armoured tail.))
You roll when moving toward enemies. (Rampage)
Your long tongue fully drains potion bottles. (2x potion effects)
Your tongue gives you trouble enunciating. (1.5x scroll delay)


Message History

The kobold shouts!
You hear an angry hiss.
Found a club.
A frilled lizard comes into view.
The kobold throws a stone.
The stone hits you.
You roll towards the hobgoblin!
You completely miss the hobgoblin. The hobgoblin barely misses you.
You sock the hobgoblin!
You kill the hobgoblin!
A hobgoblin comes into view.
A bat comes into view.
The kobold barely misses you.
You barely miss the kobold.
The hobgoblin shouts!
The kobold hits you with a +0 dagger of venom.
You are poisoned.
The frilled lizard attacks as you move away!
The frilled lizard barely misses you. The kobold attacks as you move away!
The kobold hits you but does no damage.
You are lethally poisoned!
You feel very sick. The bat hits you but does no damage.
You sock the frilled lizard!
You kill the frilled lizard!
You feel very sick. You block the bat's attack.
Your Fighting skill increases to level 3!
You closely miss the kobold.
Your tail-slap misses the kobold.
* * * LOW HITPOINT WARNING * * *
You feel very sick. The bat barely misses you.
The kobold hits you but does no damage.
You are more poisoned.
The bat hits you.
* * * LOW HITPOINT WARNING * * *
The kobold hits you but does no damage.
You are more poisoned.
You slurp down every last drop of the fuming coppery potion!
It was a potion of lignification.
You turn into a tree.
Your +0 pair of gloves melds into your body.
Your +0 scale mail melds into your body.
Your roots penetrate the ground.
You die...

..#..≈.#.§..#........#..#
.#.§§..#..≈..#.....#....#
..§≈..#..≈...#..###..#.#
.§≈§..#...≈............#
..§§..#..........#...###
..............####...#
.#...........# #...#
####b######.# #...# #.♣#
.# #...# #?#K# .. ....#
.......g...# .###..##
#.#.#.#.#.## .#
........... #.#.#.#.# ###
..)...... #.# #.# .. ...


You could see a hobgoblin, a bat and a kobold.

Vanquished Creatures
  A giant cockroach (D:1)
  2 hobgoblins (D:1)
  A ball python (D:1)
  A frilled lizard (D:1)
  A kobold (D:1)
  2 rats (D:1)
8 creatures vanquished.

Notes
Turn   | Place    | Note
-------+----------+-------------------------------------------
     0 | D:1      | themarg the Armataur Fighter began the quest for the Orb.
     0 | D:1      | Reached XP level 1. HP: 19/19 MP: 1/1
    98 | D:1      | Reached skill level 1 in Stealth
   118 | D:1      | Succumbed to a kobold's poison

Illustrated notes

Levels and vault maps discovered:
D:1:      minmay_arrival_radiant_lines, layout_loops_ring,
          chequers_serial_rivers_micro_d, nrook_uturn, moated_statue,
          nicolae_shop_unique_rings, chequers_serial_rivers_micro_d,
          st_stairs_11, serial_bayou_pond_e, amcnicky_mini_rare_corridor_liquid

Skill      XL: |  1 |
---------------+----+-----
Stealth        | 1 |  1.2
Fighting       | 3 |  3.0
Maces & Flails | |  1.7
Armour         | |  3.6
Shields        | |  3.2

Action                   || total
-------------------------++-------
Melee: Flail             ||    18
  Use: Potion            ||     1
Armor: Scale mail        ||    11
Dodge: Dodged            ||     8
Block: Buckler           ||     2

Table legend: (Time is in decaauts)
 A = Elapsed time spent in this place.
 B = Non-inter-level travel time spent in this place.
 C = Inter-level travel time spent in this place.
 D = Time resting spent in this place.
 E = Time spent auto-exploring this place.
 F = Levels seen in this place.
 G = Mean time per level.
                   A        B        C        D        E       F      G
               +--------+--------+--------+--------+--------+-----+--------+
         Total |    124 |    124 |      0 |      0 |     65 |   1 |  124.0 |
       Dungeon |    124 |    124 |      0 |      0 |     65 |   1 |  124.0 |
               +--------+--------+--------+--------+--------+-----+--------+

Top non-repeatable levels by time:
     D:1: 124 daAuts
